 Dungeon Crawl Stone Soup version 0.24-a0-509-ga1643a6788 (webtiles) character file.

Game seed: 6518792013131457293

79496 Inarius the Brawler (level 15, -1/113 HPs)
             Began as a Demonspawn Abyssal Knight on July 19, 2019.
             Was the Champion of Lugonu.
             Slain by a swamp worm (13 damage)
             ... on level 1 of the Swamp.
             The game lasted 01:10:51 (34456 turns).

Inarius the Brawler (Demonspawn Abyssal Knight)    Turns: 34456, Time: 01:10:51

Health: -1/113     AC: 22    Str: 23    XL:     15   Next: 21%
Magic:  0/31       EV:  6    Int: 16    God:    Lugonu [******]
Gold:   432        SH: 13    Dex: 12    Spells: 14/14 levels left

rFire    . . .     SeeInvis +     - Unarmed
rCold    . . .     Gourm    .   z - +2 shield {AC+3}
rNeg     . . .     Faith    +   g - +4 chain mail {MR+}
rPois    .         Spirit   +   i - +3 crown of Dyrovepreva {rElec Int+2 SInv}
rElec    +         Reflect  .   J - +0 cloak
rCorr    .         Harm     .   (no gloves)
MR       ++...                  (no boots)
Stlth    ..........             m - amulet of faith
HPRegen  0.28/turn              n - ring of magical power
MPRegen  0.44/turn              K - +4 ring of strength

@: marked, grasped by roots, constricted, very slow
A: claws 2, hooves 2, horns 2, powered by death 1, magic shield, magic
regeneration, magic link
a: Depart the Abyss, Bend Space, Banish, Corrupt, Enter the Abyss, Brand Weapon
With Distortion, Renounce Religion


You were on level 1 of the Swamp.
You worshipped Lugonu.
Lugonu was exalted by your worship.
You were not hungry.

You visited 4 branches of the dungeon, and saw 24 of its levels.
You visited the Abyss 3 times.

You collected 2429 gold pieces.
You spent 1997 gold pieces at shops.

Inventory:

Missiles
 B - 17 boomerangs (quivered)
Armour
 e - a +1 ring mail of poison resistance
 g - a +4 chain mail of magic resistance (worn)
 i - the +3 crown of Dyrovepreva (worn) {rElec Int+2 SInv}
   (You bought it in a shop on level 2 of the Orcish Mines)

   It affects your intelligence (+2).
   It insulates you from electricity.
   It lets you see invisible.
 j - a +3 scale mail of positive energy
 p - a +1 large shield
 z - a +2 shield of protection (worn)
 G - a +2 plate armour of fire resistance
 J - a +0 cloak (worn)
Jewellery
 m - an amulet of faith (around neck)
 n - a ring of magical power (left claw)
 s - an uncursed ring of positive energy
 K - a +4 ring of strength (right claw)
 O - a +2 ring of dexterity
Wands
 b - a wand of disintegration (14)
 l - a wand of enslavement (6)
 u - a wand of paralysis (1)
 D - a wand of iceblast (8)
 M - a wand of acid (3)
Scrolls
 a - 5 scrolls of identify
 d - 4 scrolls of amnesia
 f - 6 scrolls of remove curse
 h - 2 scrolls of enchant armour
 o - 8 scrolls of immolation
 q - 9 scrolls of teleportation
 t - a scroll of brand weapon
 x - 3 scrolls of fog
 y - a scroll of magic mapping
 I - a scroll of summoning
 L - a scroll of silence
 N - a scroll of enchant weapon
Potions
 k - 6 potions of curing
 r - 3 potions of heal wounds
 v - a potion of flight
 w - a potion of invisibility
 A - 3 potions of haste
 C - a potion of cancellation
 E - 2 potions of brilliance
 F - 2 potions of ambrosia
 H - 2 potions of magic
Comestibles
 c - 46 rations


   Skills:
 * Level 9.0 Fighting
   Level 3.7 Axes
 + Level 2.0 Throwing
 + Level 7.6 Armour
 + Level 5.8 Dodging
 - Level 0.3 Stealth
 + Level 8.5 Shields
 * Level 16.8 Unarmed Combat
 + Level 10.0 Invocations
 * Level 7.3 Evocations


You had 14 spell levels left.
You didn't know any spells.
Your spell library contained the following spells:

 Spells                   Type           Power        Failure   Level  Hunger
 Animate Skeleton         Necr           N/A          98%         1    ##.....
 Flame Tongue             Conj/Fire      #....        98%         1    ##.....
 Magic Dart               Conj           #...         98%         1    ##.....
 Pain                     Necr           #...         98%         1    ##.....
 Sting                    Conj/Pois      #...         98%         1    ##.....
 Blink                    Tloc           N/A          99%         2    ###....
 Call Imp                 Summ           #.......     99%         2    ###....
 Poisonous Vapours        Pois/Air       #.....       99%         2    ###....
 Slow                     Hex            #.......     99%         2    ###....
 Throw Flame              Conj/Fire      #.....       99%         2    ###....
 Conjure Flame            Conj/Fire      #.......     100%        3    ####...
 Inner Flame              Hex/Fire       #.......     100%        3    ####...
 Mephitic Cloud           Conj/Pois/Air  #.......     100%        3    ####...
 Regeneration             Chrm/Necr      #.........   100%        3    ####...
 Vampiric Draining        Necr           #.........   100%        3    ####...
 Animate Dead             Necr           N/A          100%        4    #####..
 Olgreb's Toxic Radiance  Pois           #.......     100%        4    #####..
 Sticky Flame             Conj/Fire      #.......     100%        4    #####..
 Fireball                 Conj/Fire      #.........   100%        5    ######.
 Venom Bolt               Conj/Pois      #.........   100%        5    ######.


Dungeon Overview and Level Annotations

Branches:
Dungeon (15/15)            Temple (0/1) D:5            Lair (6/6) D:8
  Swamp (1/4) Lair:2        Snake (0/4) Lair:3        Slime (0/5) Lair:5
    Orc (2/2) D:12            Elf (0/3) Orc:2        Vaults (0/5) D:14
 Depths (0/5) D:15

Altars:
Makhleb
Nemelex Xobeh
Okawaru
Qazlal
Sif Muna
Trog
Uskayaw
Beogh
Jiyva

Shops:
D:15 :   Orc:2 ?[[(

Annotations:
D:4 Menkaure
D:6 exclusion: oklob plant


Innate Abilities, Weirdness & Mutations

You have very sharp fingernails.
You have hoof-like feet.
You have a pair of horns on your head.
You regenerate a little health from kills.
When hurt, damage is shared between your health and your magic reserves.
You regenerate magic rapidly.
When low on magic, you restore magic in place of health.


Message History

The grasping roots constrict you!
Your unstable footing causes you to fumble your attack.
The swamp worm bites you but does no damage.
The shambling mangrove hits you! The grasping roots constrict you!
Unknown command.
You are too injured to fight recklessly!
Unknown command.
You are too injured to fight recklessly!
You are too injured to fight recklessly!
You scratch the shambling mangrove but do no damage.
You kick the shambling mangrove.
The shambling mangrove is almost destroyed.
The swamp worm bites you!
* * * LOW HITPOINT WARNING * * *
Unknown command.
The roots' grasp on you weakens, but your attempt to escape fails.
The shambling mangrove hits you!!
* * * LOW HITPOINT WARNING * * *
x2 The grasping roots constrict you!
The swamp worm bites you!
You die...

♣.♣ ..... ♣†♣
......≈≈≈≈.≈≈§≈.♣ .≈♣
.....≈≈≈≈.≈≈≈≈.♣♣♣ ≈≈♣
...≈≈≈≈≈.≈≈≈≈...♣ ≈≈♣
...≈≈≈≈.♣≈≈§.♣.. ..♣
..≈♣≈.≈≈.≈≈≈≈≈≈ ≈.♣♣
♣≈≈≈.≈..≈≈≈≈≈≈ ≈..♣
♣♣♣≈≈≈≈.w≈≈≈≈≈≈ ≈≈.♣♣♣
♣♣≈♣.♣≈.@♣
.≈.≈≈♣♣♣♣≈≈....f≈♣
§≈≈≈.≈§..§≈≈.♣≈.≈≈≈≈..
≈≈≈≈≈≈§≈≈≈...≈≈.≈≈...≈
...≈≈≈≈.≈≈..♣.≈.♣♣♣.≈≈
♣♣..≈..)..≈≈..♣♣♣ .≈≈
♣♣♣♣♣♣♣♣♣♣♣.♣♣ .≈ ♣♣♣
≈.


You could see a shambling mangrove and a swamp worm.

Vanquished Creatures
  Rupert (Lair:4)
  Kirke (D:12)
  An orc warlord (Orc:1)
  A stone giant (Orc:2)
  Snorg (Lair:6)
  A fire dragon (Lair:6)
  Josephine (Orc:1)
  2 vault guards (D:14)
  4 hydras
  2 centaur warriors
  5 two-headed ogres
  An orc high priest (Orc:2)
  A deep troll earth mage (D:14)
  A thrashing horror (Abyss:1)
  Nergalle (Orc:1)
  An unseen horror (D:15)
  A lindwurm (Lair:6)
  A swamp dragon (Lair:6)
  Pikel (D:8)
  The ghost of zikan the Covert, a novice SpEn (D:7)
  3 orc sorcerers
  4 rime drakes
  2 orc knights
  4 ugly things (D:14)
  4 cyclopes
  3 wolf spiders
  A salamander (D:15)
  2 manticores
  A guardian serpent (Lair:6)
  6 black mambas (Lair:6)
  Maurice (D:12)
  A centaur zombie (D:13)
  2 gargoyles (D:13)
  13 spiny frogs
  Psyche (D:8)
  An efreet (Abyss:1)
  5 komodo dragons
  6 trolls
  2 tyrant leeches (Swamp:1)
  4 hornets
  Prince Ribbit (D:7)
  19 blink frogs
  7 dream sheep
  A dream sheep (shapeshifter) (D:15)
  4 slime creatures (D:13)
  9 hippogriffs
  3 flying skulls (Abyss:1)
  2 redbacks (Lair:6)
  3 starcursed masses (Abyss:1)
  Sigmund (D:3)
  4 wraiths (D:12)
  A vampire (D:10)
  25 yaks
  6 basilisks
  7 wyverns (Lair:6)
  10 humans (D:14)
  3 hogs (D:12)
  2 steam dragons (Lair:6)
  2 hungry ghosts
  A warg (Orc:2)
  A swamp worm (Lair:2)
  A two-headed ogre zombie (D:12)
  3 nagas (Lair:3)
  2 acid dragons (Lair:6)
  38 water moccasins
  7 porcupines
  30 orc warriors
  3 swamp drakes
  3 slaves (D:8)
  A sky beast (D:7)
  7 ice beasts
  A necrophage (D:11)
  13 ogres
  5 phantoms
  12 wolves
  16 crocodiles
  9 centaurs
  3 big kobolds (D:14)
  22 bullfrogs
  A troll zombie (D:12)
  4 scorpions
  14 killer bees
  3 howler monkeys (D:9)
  An electric eel (Lair:1)
  8 crimson imps
  A quasit (D:9)
  23 orc priests
  A bullfrog zombie (D:12)
  8 jellies
  27 orc wizards
  3 hounds (D:9)
  2 centaur skeletons
  2 bullfrog skeletons
  9 iguanas
  10 worker ants
  A killer bee zombie (D:5)
  6 ogre zombies (D:12)
  3 hound skeletons
  2 worker ant zombies
  26 adders
  2 river rats (Lair:2)
  3 shadow imps
  15 oozes
  2 adder skeletons
  3 dart slugs
  4 leopard geckos
  83 orcs
  15 bats
  6 giant cockroaches
  5 goblins
  5 hobgoblins
  8 jackals
  2 quokkas
  8 frilled lizards
  6 goblin zombies (D:12)
  A hobgoblin skeleton (D:12)
  5 hobgoblin zombies (D:12)
  A jackal zombie (D:5)
  A kobold (D:3)
  A leopard gecko skeleton (D:5)
  5 orc skeletons (D:12)
  7 orc zombies (D:12)
  A quokka skeleton (D:7)
  4 rats
731 creatures vanquished.

Vanquished Creatures (collateral kills)
  A komodo dragon (Lair:6)
  A rime drake (Lair:2)
  A wyvern (Lair:5)
  A wolf (Lair:5)
4 creatures vanquished.

Vanquished Creatures (others)
  A hydra (Lair:6)
  A spiny frog (Lair:6)
  A blink frog (Lair:1)
  A hungry ghost (D:7)
  3 orcs (Orc:2)
  An orc zombie (D:12)
  22 fungi
  27 plants
57 creatures vanquished.

Grand Total: 792 creatures vanquished

Notes
Turn   | Place    | Note
-------+----------+-------------------------------------------
     0 | Abyss:1  | Inarius the Demonspawn Abyssal Knight began the quest for
                  | the Orb.
     0 | Abyss:1  | Reached XP level 1. HP: 18/18 MP: 2/2
    80 | Abyss:1  | Noticed a large abomination
    84 | Abyss:1  | Noticed a thrashing horror
    87 | D:1      | Escaped the Abyss
   343 | D:1      | Gained mutation: When hurt, damage is shared between your
                  | health and your magic reserves. [demonic ancestry]
   343 | D:1      | Reached XP level 2. HP: 22/24 MP: 3/3
   619 | D:1      | Reached * piety under Lugonu
   817 | D:2      | Reached skill level 1 in Dodging
   817 | D:2      | Gained mutation: You regenerate a little health from kills.
                  | [demonic ancestry]
   817 | D:2      | Reached XP level 3. HP: 22/30 MP: 1/5
  1141 | D:2      | Reached XP level 4. HP: 29/37 MP: 4/6
  1666 | D:3      | Noticed Sigmund
  1680 | D:3      | Killed Sigmund
  1680 | D:3      | Reached XP level 5. HP: 42/42 MP: 6/8
  1680 | D:3      | Gained mutation: You have sharp fingernails. [demonic
                  | ancestry]
  1680 | D:3      | Reached XP level 6. HP: 48/48 MP: 6/9
  1779 | D:3      | Reached ** piety under Lugonu
  1894 | D:3      | Found a hide-covered altar of Uskayaw.
  1897 | D:3      | Noticed a +0 hand axe
  1897 | D:3      | Noticed a +0 dagger
  2380 | D:4      | Noticed Menkaure
  3666 | D:3      | HP: 1/49 [ogre/+0 giant club (16)]
  3667 | D:3      | Reached skill level 1 in Unarmed Combat
  4393 | D:5      | Entered Level 5 of the Dungeon
  4510 | D:5      | Noticed an ice beast
  4972 | D:5      | Found a staircase to the Ecumenical Temple.
  4984 | D:5      | Reached skill level 1 in Shields
  4984 | D:5      | Gained mutation: You have large cloven feet. [demonic
                  | ancestry]
  4984 | D:5      | Reached XP level 7. HP: 44/55 MP: 10/10
  5505 | D:5      | Reached skill level 2 in Unarmed Combat
  6488 | D:6      | Reached skill level 3 in Unarmed Combat
  6810 | D:6      | Reached *** piety under Lugonu
  6813 | D:6      | Gained mutation: You have a pair of small horns on your
                  | head. [demonic ancestry]
  6813 | D:6      | Reached XP level 8. HP: 30/61 MP: 10/11
  7010 | D:6      | Found a bloodstained altar of Trog.
  7038 | D:6      | Reached skill level 4 in Unarmed Combat
  7276 | D:6      | Noticed an oklob plant
  7390 | D:6      | Reached skill level 5 in Unarmed Combat
  7666 | D:6      | Found an iron altar of Okawaru.
  7666 | D:6      | Found a stormy altar of Qazlal.
  7702 | D:6      | Identified the +3 trident of Tenacity {vamp, +Rage rF-
                  | Int+2 SInv} (You found it on level 6 of the Dungeon)
  7795 | D:7      | Reached **** piety under Lugonu
  7972 | D:7      | Noticed Prince Ribbit
  8078 | D:7      | Found a burning altar of Makhleb.
  8172 | D:7      | Reached skill level 6 in Unarmed Combat
  8236 | D:7      | Found a transporter.
  8243 | D:7      | Noticed zikan's ghost (novice SpEn)
  8305 | D:7      | Reached XP level 9. HP: 58/66 MP: 12/12
  9084 | D:8      | Reached skill level 5 in Invocations
  9100 | D:8      | Found a staircase to the Lair.
  9259 | D:8      | Noticed Pikel
  9274 | D:8      | Killed Pikel
  9274 | D:8      | Reached skill level 7 in Unarmed Combat
  9353 | D:8      | Noticed Psyche
  9357 | D:8      | Cast into level 1 of the Abyss (Psyche)
  9383 | Abyss:1  | Noticed a smoke demon
  9386 | D:8      | Escaped the Abyss
  9449 | D:8      | Reached skill level 5 in Armour
  9647 | D:8      | Noticed a two-headed ogre
 10097 | D:9      | Reached skill level 8 in Unarmed Combat
 10207 | D:9      | Found a deep blue altar of Sif Muna.
 10311 | D:9      | Paralysed by a hornet for 1 turns
 10339 | D:9      | Gained mutation: You have a pair of horns on your head.
                  | [demonic ancestry]
 10339 | D:9      | Reached XP level 10. HP: 29/73 MP: 9/14
 10883 | D:9      | Reached skill level 1 in Evocations
 11155 | D:10     | Entered Level 10 of the Dungeon
 11301 | D:10     | Reached skill level 9 in Unarmed Combat
 11821 | D:10     | Reached skill level 5 in Fighting
 11846 | D:10     | Noticed a two-headed ogre
 12212 | D:10     | Killed a two-headed ogre
 12271 | D:10     | Reached skill level 10 in Unarmed Combat
 13068 | D:11     | Noticed a cyclops
 13092 | D:11     | Killed a cyclops
 13291 | D:11     | Gained mutation: You regenerate magic rapidly. [demonic
                  | ancestry]
 13291 | D:11     | Reached XP level 11. HP: 74/80 MP: 15/15
 13712 | D:8      | Killed a two-headed ogre
 13712 | D:8      | Reached ***** piety under Lugonu
 13947 | D:7      | Killed Prince Ribbit
 13962 | D:7      | Found a transporter.
 14216 | Lair:1   | Entered Level 1 of the Lair of Beasts
 14669 | Lair:1   | Reached skill level 11 in Unarmed Combat
 15235 | Lair:1   | Reached skill level 1 in Throwing
 16367 | Lair:2   | Reached skill level 12 in Unarmed Combat
 16511 | Lair:2   | Found a frozen archway.
 17398 | Lair:2   | Gained mutation: You have hoof-like feet. [demonic
                  | ancestry]
 17398 | Lair:2   | Reached XP level 12. HP: 61/87 MP: 18/18
 18543 | Lair:2   | Reached ****** piety under Lugonu
 18556 | Lair:2   | Found a staircase to the Swamp.
 18832 | Lair:2   | Reached skill level 5 in Shields
 19300 | Lair:2   | Reached skill level 13 in Unarmed Combat
 19964 | Lair:3   | Found a staircase to the Snake Pit.
 20397 | Lair:4   | Noticed Rupert
 20397 | Lair:4   | Paralysed by Rupert for 6 turns
 21279 | Lair:5   | You fall into a shaft and drop 1 floor!
 21279 | Lair:6   | Entered Level 6 of the Lair of Beasts
 21358 | Lair:6   | Noticed a seven-headed hydra
 21364 | Lair:6   | HP: 1/88 [seven-headed hydra (4)]
 21367 | Lair:6   | Banished a seven-headed hydra
 22170 | Lair:5   | Found a viscous altar of Jiyva.
 22170 | Lair:5   | Found a staircase to the Slime Pits.
 22811 | Lair:6   | Noticed Snorg
 22981 | Lair:5   | Gained mutation: You have very sharp fingernails. [demonic
                  | ancestry]
 22981 | Lair:5   | Reached XP level 13. HP: 19/95 MP: 10/20
 23339 | Lair:5   | Reached skill level 14 in Unarmed Combat
 23587 | Lair:6   | Reached skill level 10 in Invocations
 23698 | Lair:6   | Killed Snorg
 24200 | Lair:6   | Reached skill level 5 in Dodging
 25399 | Lair:6   | Noticed a fire dragon
 25414 | Lair:6   | HP: 4/96 [swamp dragon (1)]
 26248 | Lair:6   | Killed a fire dragon
 26461 | Lair:4   | Killed Rupert
 26461 | Lair:4   | Reached skill level 15 in Unarmed Combat
 26461 | Lair:4   | Reached skill level 5 in Evocations
 26981 | D:12     | Noticed Kirke
 27359 | D:12     | Found a staircase to the Orcish Mines.
 27361 | D:12     | Noticed Maurice
 27455 | D:12     | Killed Maurice
 27490 | Orc:1    | Entered Level 1 of the Orcish Mines
 27490 | Orc:1    | Noticed Josephine
 27532 | Orc:1    | Killed Josephine
 27658 | Orc:1    | Gained mutation: When low on magic, you restore magic in
                  | place of health. [demonic ancestry]
 27658 | Orc:1    | Reached XP level 14. HP: 96/104 MP: 21/21
 27682 | Orc:1    | Noticed Nergalle
 27685 | Orc:1    | Found a roughly hewn altar of Beogh.
 27691 | Orc:1    | Killed Nergalle
 27777 | Orc:2    | Entered Level 2 of the Orcish Mines
 27814 | Orc:1    | Noticed a stone giant
 27901 | Orc:2    | Killed a stone giant
 28871 | Orc:2    | Found a roughly hewn altar of Beogh.
 28891 | Orc:2    | Found Uruos's Antique Armour Boutique.
 29363 | Orc:2    | Found a roughly hewn altar of Beogh.
 29363 | Orc:2    | Found Yfyuryecs's Magic Scroll Shop.
 29374 | Orc:2    | Bought a scroll of identify for 32 gold pieces
 29374 | Orc:2    | Bought a scroll of identify for 32 gold pieces
 29572 | Orc:2    | Found a roughly hewn altar of Beogh.
 29766 | Orc:2    | Noticed an orc warlord
 30056 | Orc:1    | Killed an orc warlord
 30477 | Orc:2    | Found a roughly hewn altar of Beogh.
 30677 | Orc:2    | Found a staircase to the Elven Halls.
 30767 | Orc:2    | Found Lesk's Antique Armour Boutique.
 30774 | Orc:2    | Found a roughly hewn altar of Beogh.
 30777 | Orc:2    | Found Ecetugu's Antique Weapon Shop.
 30789 | Orc:2    | Bought a warped scale mail for 261 gold pieces
 30789 | Orc:2    | Bought the +3 crown of Dyrovepreva {rElec Int+2 SInv} for
                  | 1200 gold pieces
 30789 | Orc:2    | Found the +3 crown of Dyrovepreva {rElec Int+2 SInv}
 30804 | Orc:2    | Identified the cursed +0 scale mail of the Dwarven Hall
                  | {Str+2} (You bought it in a shop on level 2 of the Orcish
                  | Mines)
 30837 | Orc:2    | Found a roughly hewn altar of Beogh.
 30881 | Orc:2    | Bought a glowing chain mail for 217 gold pieces
 30938 | Orc:2    | Bought a runed shield for 255 gold pieces
 31041 | D:12     | Killed Kirke
 31080 | D:12     | Reached skill level 16 in Unarmed Combat
 31809 | D:13     | Identified a scroll of acquirement
 32034 | D:14     | Found a gate to the Vaults.
 32900 | D:15     | Entered Level 15 of the Dungeon
 32967 | D:15     | Found a hide-covered altar of Uskayaw.
 32990 | D:15     | Found Ziacvakh's Book Shop.
 33140 | D:15     | Reached XP level 15. HP: 105/112 MP: 22/22
 33186 | D:15     | Found a staircase to the Depths.
 33532 | D:15     | Found a sparkling altar of Nemelex Xobeh.
 33952 | D:8      | Cast into level 1 of the Abyss (Psyche)
 34048 | Abyss:1  | Noticed a tentacled starspawn
 34054 | D:8      | Escaped the Abyss
 34057 | D:8      | Killed Psyche
 34141 | D:7      | Killed zikan's ghost
 34268 | Swamp:1  | Entered Level 1 of the Swamp
 34456 | Swamp:1  | Slain by a swamp worm

Levels and vault maps discovered:
D:1:      eino_arrival_tree_alley, layout_rooms
D:2:      layout_loops_ring
D:3:      layout_basic, dancing_weapons_uskayaw, uniq_sigmund
D:4:      layout_layer_cave, first_ration, kennysheep_generic_room_10,
          uniq_menkaure
D:5:      layout_basic, minmay_temple_entry_hall
D:6:      lemuel_slime, layout_rooms, gammafunk_temple_overflow_statue,
          kennysheep_mini
D:7:      layout_loops_ring, overflow_temple_1_default, gammafunk_ghost_smash,
          uniq_prince_ribbit1
D:8:      layout_loops_cross, lair_entry_dummy, uniq_pikel, uniq_psyche
D:9:      layout_stronghold, led_sif_pool
D:10:     layout_long_grid
D:11:     layout_loops_ring
D:12:     layout_long_grid, zombieorc2_lemuel, uniq_kirke, uniq_maurice
D:13:     layout_long_grid
D:14:     layout_basic, ximxim_vaults_locker_room, grunt_decor_cap,
          hangedman_ranch [blue_anna_fruit_fields], kennysheep_just_a_vault
D:15:     hangedman_depths_entry_try_elsewhere_first, layout_loops_corners,
          serial_shops, shop, basic_altar, lemuel_doored_altar
Lair:1:   lemuel_reptile_caves, layout_chaotic_city, serial_bayou_crossing
Lair:2:   layout_gridlike, minmay_swamp_entry_worms, portal_ice_cave_rime, pond
Lair:3:   layout_gridlike, minmay_snake_entry_guardpost_small,
          beast_lair_carwin_5, infiniplex_staircase_pool_2
Lair:4:   layout_concentric_octagons, lemuel_fruit_tree, uniq_rupert
Lair:5:   layout_big_grid, slime_altar_1
Lair:6:   hangedman_lair_tendril_chambers, layout_cave_pods,
          guppyfry_lair_end_dragon, roderic_batcave, uniq_snorg
Swamp:1:  layout_falls_marsh, evilmike_swamp_ruin_rubble_1
Orc:1:    layout_caves, basic_altar, uniq_josephine, uniq_nergalle
Orc:2:    grunt_orc_community_town_hall, layout_caves,
          grunt_orc_community_big_house_1, grunt_orc_community_big_house_1,
          grunt_orc_community_house_2, grunt_orc_community_house_1,
          grunt_orc_community_house_3, grunt_orc_community_house_1,
          grunt_orc_community_house_3, grunt_orc_community_house_2

Skill      XL: |  1  2  3  4  5  6  7  8  9 10 11 12 13 14 15 |
---------------+----------------------------------------------+-----
Axes           | 2 3 |  3.7
Dodging        | 1 2 3 4 5 |  5.8
Armour         | 2 3 4 5 7 |  7.6
Fighting       | 4 5 6 7 8 9 |  9.0
Invocations    | 3 4 6 8 9 10 | 10.0
Unarmed Combat | 1 3 6 8 10 12 13 15 16 | 16.8
Shields        | 1 2 3 4 5 7 8 |  8.5
Evocations     | 3 4 5 7 |  7.3
Throwing       | 1 2 |  2.0
Stealth        | |  0.3

Action                   |  1- 3 |  4- 6 |  7- 9 | 10-12 | 13-15 || total
-------------------------+-------+-------+-------+-------+-------++-------
Melee: Hand axe          |   104 |   101 |   221 |       |       ||   426
       Unarmed           |       |   161 |   421 |   904 |  1210 ||  2696
       Kick              |       |       |   159 |   234 |   344 ||   737
       Headbutt          |       |       |    72 |   157 |   233 ||   462
Throw: Boomerang         |       |       |     5 |    20 |    10 ||    35
Invok: Depart the Abyss  |     1 |       |     1 |       |     1 ||     3
       Banish            |       |       |     1 |     7 |       ||     8
Evoke: Wand              |       |       |     2 |    21 |    17 ||    40
       Phantom mirror    |       |       |       |     1 |       ||     1
  Use: Potion            |       |     7 |     4 |     8 |     5 ||    24
       Scroll            |       |     8 |     4 |    16 |    11 ||    39
 Stab: Paralysed         |       |       |       |    11 |     7 ||    18
       Confused          |       |       |       |     1 |       ||     1
       Distracted        |       |       |       |       |     1 ||     1
       Invisible         |       |       |       |       |     4 ||     4
  Eat: Chunk             |     1 |     5 |    12 |    35 |    31 ||    84
       Ration            |       |     2 |     2 |     2 |     3 ||     9
Armor: Plate armour      |   102 |   141 |       |       |       ||   243
       Ring mail         |       |     6 |       |   123 |    34 ||   163
       Chain mail        |       |     5 |   228 |    96 |   107 ||   436
       Skin              |       |       |       |    14 |       ||    14
       Scale mail        |       |       |       |       |   163 ||   163
Dodge: Dodged            |    30 |    75 |   169 |   378 |   225 ||   877
Block: Buckler           |       |    43 |   105 |   118 |       ||   266
       Large shield      |       |       |       |   167 |   622 ||   789
       Shield            |       |       |       |       |   160 ||   160

Table legend:
 A = Non-vault XP
 B = Vault XP
 C = Vault XP percentage of total XP
 D = Non-vault monster count
 E = Vault monster count
 F = Vault count percentage of total count
                 A         B        C        D         E       F
            +---------+---------+-------+---------+---------+-------
      Total |   65773 |   47794 |  42.1 |     455 |     279 |  38.0
            +---------+---------+-------+---------+---------+-------
        D:1 |      21 |       0 |   0.0 |      11 |       0 |   0.0
        D:2 |     105 |       0 |   0.0 |      15 |       0 |   0.0
        D:3 |     252 |     223 |  46.9 |      29 |       1 |   3.3
        D:4 |      39 |       0 |   0.0 |       2 |       0 |   0.0
        D:5 |     601 |       0 |   0.0 |      19 |       0 |   0.0
        D:6 |     873 |     353 |  28.8 |      23 |      19 |  45.2
        D:7 |     492 |    1204 |  71.0 |      15 |       5 |  25.0
        D:8 |    1733 |    1080 |  38.4 |      21 |       2 |   8.7
        D:9 |    2390 |       0 |   0.0 |      28 |       0 |   0.0
       D:10 |    2958 |       0 |   0.0 |      15 |       0 |   0.0
       D:11 |    1654 |       0 |   0.0 |      13 |       0 |   0.0
       D:12 |    1740 |    4700 |  73.0 |      18 |      43 |  70.5
       D:13 |    4718 |       0 |   0.0 |      21 |       0 |   0.0
       D:14 |    7079 |    6985 |  49.7 |      19 |      21 |  52.5
       D:15 |    4205 |    1817 |  30.2 |       9 |       4 |  30.8
     Lair:1 |    4186 |    3171 |  43.1 |      22 |      35 |  61.4
     Lair:2 |    4593 |    1401 |  23.4 |      25 |       9 |  26.5
     Lair:3 |    1193 |     998 |  45.5 |       6 |       8 |  57.1
     Lair:4 |    1909 |    2792 |  59.4 |       9 |       1 |  10.0
     Lair:5 |    5196 |     845 |  14.0 |      25 |       3 |  10.7
     Lair:6 |    7605 |   12920 |  62.9 |      24 |      53 |  68.8
    Swamp:1 |    1699 |       0 |   0.0 |       4 |       0 |   0.0
      Orc:1 |    2694 |    4683 |  63.5 |      15 |       8 |  34.8
      Orc:2 |    4870 |    4622 |  48.7 |      59 |      67 |  53.2
    Abyss:1 |    2968 |       0 |   0.0 |       8 |       0 |   0.0
            +---------+---------+-------+---------+---------+-------
